 Dungeon Crawl Stone Soup version 0.30.1-4-g462c640d31 (webtiles) character file.

Game seed: 13315814219966144786

580 Zeor the Slasher (level 7, -1/44 HPs)
             Began as a Gargoyle Berserker on Aug 14, 2023.
             Was a Believer of Trog.
             Slain by boopmooplesden's ghost (8 damage)
             ... on level 3 of the Dungeon.
             The game lasted 00:10:35 (3266 turns).

Zeor the Slasher (Gargoyle Berserker)               Turns: 3266, Time: 00:10:36

Health: -1/44      AC: 18    Str: 22    XL:     7   Next: 36%
Magic:  7/7        EV:  9    Int:  8    God:    Trog [**....]
Gold:   168        SH:  0    Dex:  9    Spells: 6/6 levels left

rFire   . . .        a - +1 falchion (vamp)
rCold   + . .        (no shield)
rNeg    + . .        k - +0 chain mail
rPois   ∞            (no helmet)
rElec   +            f - +0 cloak
rCorr   .            h - +0 pair of gloves
SInv    .            j - +0 pair of boots
Will    .....        g - amulet of regeneration Stlth
                     e - ring of protection from cold
HPRegen 1.07/turn    (no ring)
MPRegen 0.10/turn

%: no passive effects
@: on berserk cooldown
A: sickness immunity, AC +4, negative energy resistance 1, electricity
resistance, torment resistance 1, petrification resistance
a: Renounce Religion, Berserk, Trog's Hand


You were on level 3 of the Dungeon.
You worshipped Trog.
Trog was pleased with you.
You visited 1 branch of the dungeon, and saw 5 of its levels.

You collected 168 gold pieces.

Inventory:

Hand Weapons
 a - a +1 vampiric falchion (weapon)
Missiles
 m - 3 boomerangs (quivered)
 p - 2 throwing nets
Armour
 f - a +0 cloak (worn)
 h - a +0 pair of gloves (worn)
 j - a +0 pair of boots (worn)
 k - a +0 chain mail (worn)
 l - a +2 robe of resistance
Jewellery
 e - a ring of protection from cold (left hand)
 g - an amulet of regeneration (around neck)
Wands
 o - a wand of flame (6)
Scrolls
 q - a scroll of magic mapping
Potions
 b - 3 potions of flight
 c - a potion of might
 d - a potion of attraction
 n - a potion of magic {unknown}
 r - a potion of lignification {unknown}


   Skills:
 + Level 4.6 Fighting
 + Level 5.5 Long Blades
 + Level 4.4 Armour
 + Level 2.9 Dodging


You had 6 spell levels left.
You didn't know any spells.
Your spell library was empty.

Dungeon Overview and Level Annotations

Branches:
Dungeon (5/15)
 Temple: D:4-7

Altars:
Zin

Annotations:
D:3 1 transporter, boopmooplesden's ghost, amateur FoFi


Innate Abilities, Weirdness & Mutations

You are immune to sickness and miasma.
Your stone body is resilient. (AC +4)
You are immune to poison.
You resist negative energy. (rN+)
You are resistant to electric shocks. (rElec)
You are resistant to unholy torment.
You are immune to petrification.


Message History

Boopmooplesden's ghost is almost destroyed.
Boopmooplesden's ghost says, "You can hit me, but you can't hurt me."
Boopmooplesden's ghost hits you but does no damage.
Boopmooplesden's ghost hits you!
You hit boopmooplesden's ghost but do no damage.
Boopmooplesden's ghost is almost destroyed.
Boopmooplesden's ghost barely misses you.
You hit boopmooplesden's ghost but do no damage.
Boopmooplesden's ghost is severely damaged.
Boopmooplesden's ghost hits you but does no damage.
Boopmooplesden's ghost barely misses you.
You barely miss boopmooplesden's ghost.
Boopmooplesden's ghost is severely damaged.
Boopmooplesden's ghost hits you.
You hit boopmooplesden's ghost but do no damage.
Boopmooplesden's ghost is severely damaged.
Boopmooplesden's ghost barely misses you.
Boopmooplesden's ghost hits you!
You hit boopmooplesden's ghost but do no damage.
Boopmooplesden's ghost is severely damaged.
Boopmooplesden's ghost hits you.
* * * LOW HITPOINT WARNING * * *
You hit boopmooplesden's ghost but do no damage.
Boopmooplesden's ghost is severely damaged.
Boopmooplesden's ghost barely misses you.
Boopmooplesden's ghost hits you!
* * * LOW HITPOINT WARNING * * *
It was a potion of cancellation.
Your magical effects are unravelling.
You feel magically purged.
You feel yourself speed up.
Boopmooplesden's ghost barely misses you.
You hit boopmooplesden's ghost but do no damage.
Boopmooplesden's ghost is severely damaged.
Boopmooplesden's ghost says, "There is no future for me!"
Boopmooplesden's ghost closely misses you.
You hit boopmooplesden's ghost.
Boopmooplesden's ghost is almost destroyed.
Boopmooplesden's ghost hits you!
You die...

▒∙∙∙∙∙∙∙∙∙▒ ▒∙▒▒▒∙∙∙▒∙▒
▒∙▒▒∙∙∙∙∙∙▒▒▒▒▒▒∙▒▒∙∙∙∙∙∙▒
▒∙∙▒▒▒▒▒▒▒▒∙∙∙∙∙∙∙∙∙∙)∙∙∙▒
▒∙∙▒Ω∙∙∙∙∙▒▒▒▒▒∙∙∙▒∙∙∙))▒∙ ▒
▒∙∙▒∙∙▒▒∙∙▒ ▒∙∙∙∙∙▒∙∙>▒▒∙ ▒
▒∙∙▒∙▒∙∙▒∙▒ ▒▒∙∙∙▒▒▒∙▒▒▒▒ ▒
▒∙∙▒∙▒∙∙▒∙▒ ▒▒∙▒▒ ▒▒▒ ▒ ▒
▒▒▒▒▒∙Ω▒∙∙▒▒∙∙▒ ▒∙▒ ▒
▒▒∙∙∙∙∙∙▒$∙∙∙)9▒ ▒∙▒ ▒
▒∙∙▒▒▒∙Ω▒$∙▒▒W∙▒ ▒▒'▒▒ ▒ ▒∙▒▒
▒∙∙▒∙▒∙∙▒∙▒ ▒▒∙∙∙▒▒ ▒▒▒∙▒
▒∙∙▒∙▒∙∙▒∙▒ ▒▒∙∙∙∙∙▒▒ ▒ ∙∙∙∙▒
▒∙∙▒∙∙▒▒∙∙▒▒▒∙∙∙∙∙∙)▒▒ ▒▒
∙▒▒∙▒▒▒▒∙∙▒∙∙∙∙∙∙▒▒∙∙∙∙∙∙∙∙∙▒▒▒▒∙
∙∙∙∙∙∙∙∙∙∙▒▒▒▒▒▒▒▒'∙∙∙∙†∙∙∙∙'∙∙∙∙
∙▒∙▒▒▒▒▒▒▒▒∙∙∙∙▒ ▒▒∙∙∙∙∙∙∙∙∙▒▒▒▒∙
▒▒∙▒ ▒∙▒∙▒▒ ▒▒∙∙∙∙∙∙∙▒▒ ▒▒


You could see boopmooplesden's ghost.

Vanquished Creatures
  Sigmund (D:3)
  2 ogres (D:3)
  A hound (D:5)
  Jessica (D:2)
  Ijyb (D:3)
  6 gnolls
  4 adders
  A worm (D:3)
  3 dart slugs
  An orc (D:5)
  9 bats
  4 endoplasms
  5 giant cockroaches
  9 goblins
  5 hobgoblins
  7 jackals (D:3)
  3 quokkas
  5 ball pythons
  4 frilled lizards
  3 kobolds
  6 rats (D:1)
81 creatures vanquished.

Notes
Turn   | Place    | Note
-------+----------+-------------------------------------------
     0 | D:1      | Zeor the Gargoyle Berserker began the quest for the Orb.
     0 | D:1      | Reached XP level 1. HP: 14/14 MP: 1/1
     6 | D:1      | Noticed a komodo dragon
     6 | D:1      | Noticed a rime drake
     6 | D:1      | Noticed a redback
     7 | D:1      | Noticed a lindwurm
     7 | D:1      | Noticed a salamander
    49 | D:1      | Reached XP level 2. HP: 19/19 MP: 2/2
    84 | D:1      | Reached skill level 3 in Long Blades
   548 | D:1      | Reached XP level 3. HP: 24/24 MP: 3/3
   645 | D:1      | Reached ** piety under Trog
  1030 | D:2      | Reached XP level 4. HP: 29/29 MP: 4/4
  1175 | D:2      | Reached skill level 4 in Long Blades
  1630 | D:2      | Found a glowing silver altar of Zin.
  1756 | D:2      | Noticed Jessica
  1770 | D:2      | Killed Jessica
  1771 | D:2      | Reached XP level 5. HP: 29/33 MP: 5/5
  1955 | D:3      | You fall into a shaft and drop 2 floors!
  1955 | D:5      | Entered Level 5 of the Dungeon
  2072 | D:3      | Noticed Ijyb
  2092 | D:3      | Killed Ijyb
  2098 | D:3      | Reached XP level 6. HP: 34/38 MP: 6/6
  2351 | D:3      | Noticed Sigmund
  2359 | D:3      | Killed Sigmund
  2436 | D:3      | Reached skill level 5 in Long Blades
  2689 | D:3      | Found a transporter.
  2690 | D:3      | Noticed boopmooplesden's ghost (amateur FoFi)
  2692 | D:3      | Found a transporter.
  2694 | D:3      | Identified the +6 great mace of Sasallor {vamp, +Blink
                  | rElec Dex+3}
  3232 | D:3      | Reached XP level 7. HP: 44/44 MP: 7/7
  3266 | D:3      | Slain by boopmooplesden's ghost

Illustrated notes

Levels and vault maps discovered:
D:1:      onia_arrival_zoo_common, layout_loops_ring, serial_glass,
          glass_columns_b, glass_columns_a, glass_columns_a, glass_columns_a,
          glass_columns_a, glass_columns_c, glass_columns_b, glass_columns_a,
          feat_on_display, minmay_strange_pillars, due_unseen_surprise,
          serial_bayou_lake_a
D:2:      minmay_wonky_spiral, layout_loops_ring, basic_altar,
          chequers_hall_statues_wall_a, uniq_jessica
D:3:      layout_loops_corners, gammafunk_ghost_smash, uniq_ijyb, uniq_sigmund
D:4:      layout_loops_corners, grunt_temple_overflow_forces_of_nature,
          mainiacjoe_overflow_alcove_4, mainiacjoe_overflow_catwalk
D:5:      layout_basic, nicolae_overflow_hidden_temple,
          minmay_temple_entry_statues_fountains, uniq_eustachio,
          uniq_crazy_yiuf_cottage

Skill      XL: |  1  2  3  4  5  6 |
---------------+-------------------+-----
Long Blades    | 3 4 5 |  5.5
Dodging        | 2 |  2.9
Fighting       | 4 |  4.6
Armour         | 3 4 |  4.4

Action                     |  1- 3 |  4- 6 |  7- 9 || total
---------------------------+-------+-------+-------++-------
  Melee: Falchion          |   103 |   234 |    34 ||   371
         Punch             |       |     1 |       ||     1
 Invoke: Berserk           |     2 |     4 |       ||     6
    Use: Scroll            |     5 |     8 |       ||    13
         Potion            |       |       |     1 ||     1
 Armour: Animal skin       |    39 |     1 |       ||    40
         Scale mail        |       |    56 |       ||    56
         Chain mail        |       |   110 |    12 ||   122
  Dodge: Dodged            |    64 |   132 |    14 ||   210
